BR
FORT COLLINS COMMONERS @ RANCHO CUCAMONGA SICK MONKEYS
07/21/2027
 
TOP OF THE 1ST
Fort Collins Commoners batting - Pitching for Rancho Cucamonga Sick Monkeys : RHP Ben Larsen
Pitching: RHP Ben Larsen
Batting: RHB Tomás Rivera 0-0: Ball
1-0: Called Strike
1-1: Fly out, F6 (Popup, 6D)
Batting: LHB Lorenzo Vargas 0-0: Called Strike
0-1: Called Strike
0-2: SOLO HOME RUN (Flyball, 89XD), Distance : 431 ft
Batting: RHB Juan Castillo 0-0: Ball
1-0: Ball
2-0: Foul Ball, location: 2F
2-1: Ball
3-1: Called Strike
3-2: Foul Ball, location: 2F
3-2: Foul Ball, location: 2F
3-2: Ground out 4-3 (Groundball, 4)
Batting: LHB Earl Wigfall 0-0: Ball
1-0: Called Strike
1-1: Ball
2-1: Fly out, F2 (Popup, 25)
Top of the 1st over - 1 run(s), 1 hit(s), 0 error(s), 0 left on base; Fort Collins 1 - Rancho Cucamonga 0
BOTTOM OF THE 1ST
Rancho Cucamonga Sick Monkeys batting - Pitching for Fort Collins Commoners : RHP Todd Bevins
Pitching: RHP Todd Bevins
Batting: LHB José Esparza 0-0: Ball
1-0: Ball
2-0: Called Strike
2-1: Ball
3-1: Foul Ball, location: 2F
3-2: Foul Ball, location: 2F
3-2: Strikes out looking
Batting: LHB Paco Córdova 0-0: Ball
1-0: Ball
2-0: Called Strike
2-1: Ball
3-1: Base on Balls
Batting: RHB Orlando González 0-0: Called Strike
0-1: Ball
1-1: Fly out, F9 (Flyball, 9)
Batting: LHB Paul Holcomb 0-0: Called Strike
0-1: Foul Ball, location: 2F
0-2: Strikes out swinging
Bottom of the 1st over - 0 run(s), 0 hit(s), 0 error(s), 1 left on base; Fort Collins 1 - Rancho Cucamonga 0
TOP OF THE 2ND
Fort Collins Commoners batting - Pitching for Rancho Cucamonga Sick Monkeys : RHP Ben Larsen
Batting: RHB Monty Crawford 0-0: Foul Ball, location: 2F
0-1: Foul Ball, location: 2F
0-2: Strikes out swinging
Batting: LHB António Chávez 0-0: Foul Ball, location: 2F
0-1: Swinging Strike
0-2: Ball
1-2: Ball
2-2: Ball
3-2: Strikes out looking
Batting: RHB Xie-li Fong 0-0: Called Strike
0-1: Foul Ball, location: 2F
0-2: Ball
1-2: Ball
2-2: Ball
3-2: Foul Ball, location: 2F
3-2: Base on Balls
Batting: RHB Gary Roberts 0-0: Called Strike
0-1: Ball
Xie-li Fong steals 2nd base
1-1: Ball
2-1: Ground out 6-3 (Groundball, 6)
Top of the 2nd over - 0 run(s), 0 hit(s), 0 error(s), 1 left on base; Fort Collins 1 - Rancho Cucamonga 0
BOTTOM OF THE 2ND
Rancho Cucamonga Sick Monkeys batting - Pitching for Fort Collins Commoners : RHP Todd Bevins
Batting: LHB Ed Ballard 0-0: Called Strike
0-1: Foul Ball, location: 2F
0-2: Strikes out swinging
Batting: SHB Keith Hale 0-0: Ball
1-0: Ball
2-0: Ball
3-0: Called Strike
3-1: Base on Balls
Batting: RHB Francis Land 0-0: Called Strike
0-1: Ball
1-1: Foul Ball, location: 2F
1-2: Ball
2-2: Ball
3-2: Base on Balls
Keith Hale to second
Batting: RHB Jeremy Davis 0-0: Ball
1-0: Called Strike
1-1: Ball
2-1: Foul Ball, location: 2F
2-2: Foul Ball, location: 2F
2-2: SINGLE (Groundball, 56D)
Keith Hale to third
Francis Land to second
Runner from 3rd tries for Home, SAFE, no throw
Batting: RHB Dan McKay 0-0: Ball
1-0: Foul Ball, location: 2F
1-1: Ball
2-1: SINGLE (Groundball, 56S) (infield hit)
Francis Land to third
Jeremy Davis to second
Batting: LHB José Esparza 0-0: Ground out 5-3 (Groundball, 56S)
Francis Land scores
Jeremy Davis to third
Dan McKay to second
Batting: LHB Paco Córdova 0-0: Foul Ball, location: 2F
0-1: Ground out U3 (Groundball, 34)
Bottom of the 2nd over - 2 run(s), 2 hit(s), 0 error(s), 2 left on base; Fort Collins 1 - Rancho Cucamonga 2
TOP OF THE 3RD
Fort Collins Commoners batting - Pitching for Rancho Cucamonga Sick Monkeys : RHP Ben Larsen
Batting: RHB Eric Black 0-0: Foul Ball, location: 2F
0-1: Swinging Strike
0-2: Strikes out swinging
Batting: RHB Tomás Rivera 0-0: Called Strike
0-1: Called Strike
0-2: Foul Ball, location: 2F
0-2: SINGLE (Groundball, 6) (infield hit)
Batting: LHB Lorenzo Vargas 0-0: Ball
1-0: Ball
2-0: Ball
3-0: Base on Balls
Tomás Rivera to second
Batting: RHB Juan Castillo 0-0: Ball
1-0: Swinging Strike
1-1: Foul Ball, location: 2F
1-2: Ball
2-2: Ball
3-2: SINGLE (Flyball, 78S)
Tomás Rivera to third
Lorenzo Vargas to second
Runner from 3rd tries for Home, SAFE, no throw
Batting: LHB Earl Wigfall 0-0: Foul Ball, location: 2F
0-1: Ball
1-1: Ball
2-1: Fly out, F2 (Popup, 3S)
Batting: RHB Monty Crawford 0-0: Ball
1-0: Ball
2-0: Swinging Strike
2-1: Ball
3-1: DOUBLE (Line Drive, 7)
Lorenzo Vargas scores
Juan Castillo to third
Batting: LHB António Chávez 0-0: Ball
1-0: Ball
2-0: Foul Ball, location: 2F
2-1: Fly out, F4 (Line Drive, 4)
Top of the 3rd over - 2 run(s), 3 hit(s), 0 error(s), 2 left on base; Fort Collins 3 - Rancho Cucamonga 2
BOTTOM OF THE 3RD
Rancho Cucamonga Sick Monkeys batting - Pitching for Fort Collins Commoners : RHP Todd Bevins
Batting: RHB Orlando González 0-0: Ball
1-0: Ball
2-0: Foul Ball, location: 2F
2-1: Ball
3-1: Foul Ball, location: 2F
3-2: Base on Balls
Batting: LHB Paul Holcomb 0-0: Ball
1-0: Foul Ball, location: 2F
1-1: Foul Ball, location: 2F
1-2: Ball
2-2: SINGLE (Flyball, 7S)
Orlando González to second
Batting: LHB Ed Ballard 0-0: Swinging Strike
0-1: Foul Ball, location: 2F
0-2: Ball
1-2: Ball
2-2: Fly out, F8 (Flyball, 78M)
Batting: SHB Keith Hale 0-0: Called Strike
0-1: Ball
1-1: Foul Ball, location: 2F
1-2: Strikes out swinging
Batting: RHB Francis Land 0-0: Called Strike
0-1: Fly out, F9 (Line Drive, 9)
Bottom of the 3rd over - 0 run(s), 1 hit(s), 0 error(s), 2 left on base; Fort Collins 3 - Rancho Cucamonga 2
TOP OF THE 4TH
Fort Collins Commoners batting - Pitching for Rancho Cucamonga Sick Monkeys : RHP Ben Larsen
Batting: RHB Xie-li Fong 0-0: Ball
1-0: Ball
2-0: Swinging Strike
2-1: Ball
3-1: Base on Balls
Batting: RHB Gary Roberts 0-0: Swinging Strike
0-1: Ball
1-1: Fly out, F4 (Line Drive, 4)
Batting: RHB Eric Black 0-0: Called Strike
0-1: Foul Ball, location: 2F
0-2: Ball
1-2: Fly out, F9 (Flyball, 89M)
Pitching: RHP Carlos Domínguez
Batting: RHB Tomás Rivera 0-0: Called Strike
0-1: Ball
Xie-li Fong is caught stealing 2nd base
Top of the 4th over - 0 run(s), 0 hit(s), 0 error(s), 0 left on base; Fort Collins 3 - Rancho Cucamonga 2
BOTTOM OF THE 4TH
Rancho Cucamonga Sick Monkeys batting - Pitching for Fort Collins Commoners : RHP Todd Bevins
Batting: RHB Jeremy Davis 0-0: Called Strike
0-1: Fly out, F8 (Flyball, 78D)
Batting: RHB Dan McKay 0-0: Fly out, F7 (Flyball, 7)
Batting: LHB José Esparza 0-0: Foul Ball, location: 2F
0-1: DOUBLE (Line Drive, 7LS)
Batting: LHB Paco Córdova 0-0: Ball
1-0: Called Strike
1-1: Foul Ball, location: 2F
1-2: Ground out U3 (Groundball, 34)
Bottom of the 4th over - 0 run(s), 1 hit(s), 0 error(s), 1 left on base; Fort Collins 3 - Rancho Cucamonga 2
TOP OF THE 5TH
Fort Collins Commoners batting - Pitching for Rancho Cucamonga Sick Monkeys : RHP Carlos Domínguez
Batting: RHB Tomás Rivera 0-0: Called Strike
0-1: Foul Ball, location: 2F
0-2: Foul Ball, location: 2F
0-2: Foul Ball, location: 2F
0-2: Foul Ball, location: 2F
0-2: Ball
1-2: Ball
2-2: Ball
3-2: Foul Ball, location: 2F
3-2: Base on Balls
Batting: LHB Lorenzo Vargas 0-0: Called Strike
Tomás Rivera steals 2nd base
0-1: Ball
1-1: Ball
2-1: 2-RUN HOME RUN (Flyball, 89XD), Distance : 419 ft
Batting: RHB Juan Castillo 0-0: Ball
1-0: SINGLE (Flyball, 8LM)
Batting: LHB Earl Wigfall 0-0: Ball
1-0: 2-RUN HOME RUN (Flyball, 9D), Distance : 390 ft
Pitching: RHP Héctor Fabián
Batting: RHB Monty Crawford 0-0: Called Strike
0-1: Foul Ball, location: 2F
0-2: Ball
1-2: Strikes out swinging
Batting: LHB António Chávez 0-0: Swinging Strike
0-1: Ball
1-1: Foul Ball, location: 2F
1-2: Foul Ball, location: 2F
1-2: Foul Ball, location: 2F
1-2: Ball
2-2: Ground out 4-3 (Groundball, 4)
Batting: RHB Xie-li Fong 0-0: Ball
1-0: Swinging Strike
1-1: Foul Ball, location: 2F
1-2: Foul Ball, location: 2F
1-2: Foul Ball, location: 2F
1-2: Fly out, F4 (Popup, 34D)
Top of the 5th over - 4 run(s), 3 hit(s), 0 error(s), 0 left on base; Fort Collins 7 - Rancho Cucamonga 2
BOTTOM OF THE 5TH
Rancho Cucamonga Sick Monkeys batting - Pitching for Fort Collins Commoners : RHP Todd Bevins
Batting: RHB Orlando González 0-0: Fly out, F6 (Line Drive, 6MD)
Batting: LHB Paul Holcomb 0-0: Ball
1-0: Foul Ball, location: 2F
1-1: Foul Ball, location: 2F
1-2: Foul Ball, location: 2F
1-2: Ball
2-2: Ball
3-2: Fly out, F8 (Flyball, 8LD)
Batting: LHB Ed Ballard 0-0: SINGLE (Flyball, 8RS)
Pitching: RHP Oscar Murray
Batting: SHB Keith Hale 0-0: Ball
1-0: Fly out, F8 (Flyball, 89S)
Bottom of the 5th over - 0 run(s), 1 hit(s), 0 error(s), 1 left on base; Fort Collins 7 - Rancho Cucamonga 2
TOP OF THE 6TH
Fort Collins Commoners batting - Pitching for Rancho Cucamonga Sick Monkeys : RHP Héctor Fabián
Batting: RHB Gary Roberts 0-0: Ball
1-0: Swinging Strike
1-1: Ball
2-1: Foul Ball, location: 2F
2-2: Fly out, F9 (Flyball, 9S)
Batting: RHB Eric Black 0-0: SINGLE (Line Drive, 4D)
Batting: RHB Tomás Rivera 0-0: Foul Ball, location: 2F
0-1: Fly out, F8 (Flyball, 89S)
Batting: LHB Lorenzo Vargas 0-0: Ball
1-0: Ball
2-0: Ball
3-0: Called Strike
3-1: Swinging Strike
3-2: Strikes out swinging
Top of the 6th over - 0 run(s), 1 hit(s), 0 error(s), 1 left on base; Fort Collins 7 - Rancho Cucamonga 2
BOTTOM OF THE 6TH
Rancho Cucamonga Sick Monkeys batting - Pitching for Fort Collins Commoners : RHP Oscar Murray
Batting: RHB Francis Land 0-0: Ball
1-0: Ball
2-0: Fly out, F8 (Flyball, 8LM)
Batting: RHB Jeremy Davis 0-0: Ball
1-0: Called Strike
1-1: Ball
2-1: SINGLE (Groundball, 34D)
Batting: RHB Dan McKay 0-0: Called Strike
0-1: Foul Ball, location: 2F
0-2: Ball
1-2: Ball
2-2: Ball
3-2: Fly out, F9 (Flyball, 9)
Batting: LHB José Esparza 0-0: Called Strike
0-1: Ball
1-1: Fly out, F8 (Flyball, 8RXD)
Bottom of the 6th over - 0 run(s), 1 hit(s), 0 error(s), 1 left on base; Fort Collins 7 - Rancho Cucamonga 2
TOP OF THE 7TH
Fort Collins Commoners batting - Pitching for Rancho Cucamonga Sick Monkeys : RHP Héctor Fabián
Batting: RHB Juan Castillo 0-0: Called Strike
0-1: Ball
1-1: Called Strike
1-2: Foul Ball, location: 2F
1-2: Foul Ball, location: 2F
1-2: Strikes out swinging, 2-3 out at first.
Batting: LHB Earl Wigfall 0-0: Ball
1-0: Fly out, F8 (Flyball, 78S)
Pitching: RHP Gerald Dunham
Batting: RHB Monty Crawford 0-0: Called Strike
0-1: Ball
1-1: Foul Ball, location: 2F
1-2: Foul Ball, location: 2F
1-2: Strikes out swinging
Top of the 7th over - 0 run(s), 0 hit(s), 0 error(s), 0 left on base; Fort Collins 7 - Rancho Cucamonga 2
BOTTOM OF THE 7TH
Rancho Cucamonga Sick Monkeys batting - Pitching for Fort Collins Commoners : RHP Oscar Murray
Batting: LHB Paco Córdova 0-0: DOUBLE (Line Drive, 7LS)
Batting: RHB Orlando González 0-0: Ball
1-0: Ball
2-0: Ball
3-0: Called Strike
3-1: Base on Balls
Batting: LHB Paul Holcomb 0-0: Ball
1-0: Ball
2-0: Ball
3-0: Base on Balls
Paco Córdova to third
Orlando González to second
Batting: LHB Ed Ballard 0-0: Ball
1-0: Ball
2-0: Ball
3-0: Base on Balls
Paco Córdova scores
Orlando González to third
Paul Holcomb to second
Batting: SHB Keith Hale 0-0: Called Strike
0-1: Ball
1-1: Called Strike
1-2: Foul Ball, location: 2F
1-2: SINGLE (Groundball, 4MD)
Orlando González scores
Paul Holcomb to third
Ed Ballard to second
Runner from 3rd tries for Home, SAFE, throw made home
Pitching: RHP David Casteañón
Pinch Hitting: LHB Carl Hayden 0-0: Ball
Ed Ballard is caught stealing 3rd base
Keith Hale to second
1-0: Ball
2-0: Ball
3-0: Called Strike
3-1: Swinging Strike
3-2: Foul Ball, location: 2F
3-2: Base on Balls
Batting: RHB Jeremy Davis 0-0: Ball
Keith Hale steals 3rd base
Carl Hayden to second
1-0: Ball
2-0: Ball
3-0: Base on Balls
Pinch Hitting: LHB Oliver Cruz 0-0: Ball
1-0: Foul Ball, location: 2F
1-1: Foul Ball, location: 2F
1-2: Strikes out swinging
Pinch Hitting: LHB Will O'Dell 0-0: Foul Ball, location: 2F
0-1: Ball
1-1: Foul Ball, location: 2F
1-2: Fielders Choice at 2nd, 4-6 (Groundball, 4)
Bottom of the 7th over - 3 run(s), 2 hit(s), 0 error(s), 2 left on base; Fort Collins 7 - Rancho Cucamonga 5
TOP OF THE 8TH
Fort Collins Commoners batting - Pitching for Rancho Cucamonga Sick Monkeys : RHP Gerald Dunham
Now at 1B: Oliver Cruz
Now at 3B: Francisco Domínguez
Now in RF: Will O'Dell
Batting: LHB António Chávez 0-0: Ball
1-0: Ball
2-0: Called Strike
2-1: Foul Ball, location: 2F
2-2: Ball
3-2: Foul Ball, location: 2F
3-2: Foul Ball, location: 2F
3-2: Foul Ball, location: 2F
3-2: Base on Balls
Batting: RHB Xie-li Fong 0-0: Sac Bunt - play at second, runner OUT! 2-6
Batting: RHB Gary Roberts 0-0: Ball
1-0: Ball
Wild Pitch!
Xie-li Fong to second
2-0: Foul Ball, location: 2F
2-1: Ball
3-1: Base on Balls
Batting: RHB Eric Black 0-0: Foul Ball, location: 2F
0-1: Foul Ball, location: 2F
0-2: Ball
1-2: Ball
2-2: Ball
3-2: Foul Ball, location: 2F
3-2: Fielders Choice at 2nd, 6-4 (Groundball, 56)
Xie-li Fong to third
Pinch Hitting: RHB Julián Ramírez 0-0: Called Strike
0-1: Ball
1-1: Swinging Strike
1-2: Foul Ball, location: 2F
1-2: Ball
2-2: Foul Ball, location: 2F
2-2: Foul Ball, location: 2F
2-2: Foul Ball, location: 2F
2-2: Ground out 1-3 (Groundball, P)
Top of the 8th over - 0 run(s), 0 hit(s), 0 error(s), 2 left on base; Fort Collins 7 - Rancho Cucamonga 5
BOTTOM OF THE 8TH
Rancho Cucamonga Sick Monkeys batting - Pitching for Fort Collins Commoners : RHP David Casteañón
Now at 3B: Javier Contreras
Batting: LHB Paco Córdova 0-0: Called Strike
0-1: Ball
1-1: Called Strike
1-2: Ball
2-2: Ball
3-2: Foul Ball, location: 2F
3-2: Ground out 6-3 (Groundball, 6)
Batting: RHB Orlando González 0-0: Ball
1-0: Foul Ball, location: 2F
1-1: Ball
2-1: SOLO HOME RUN (Flyball, 78XD), Distance : 431 ft
Pitching: RHP Rich Wright
Batting: LHB Paul Holcomb 0-0: Ball
1-0: Called Strike
1-1: Ball
2-1: Called Strike
2-2: Foul Ball, location: 2F
2-2: Ball
3-2: Ground out 4-3 (Groundball, 4)
Pitching: LHP John Smith
Batting: LHB Ed Ballard 0-0: Called Strike
0-1: Ball
1-1: Ball
2-1: Foul Ball, location: 2F
2-2: Foul Ball, location: 2F
2-2: Ball
3-2: Foul Ball, location: 2F
3-2: SINGLE (Groundball, 5D)
Pinch Hitting: SHB Jorge Maldonado 0-0: Ball
1-0: Foul Ball, location: 2F
1-1: Swinging Strike
1-2: Ball
2-2: Foul Ball, location: 2F
2-2: Foul Ball, location: 2F
2-2: SINGLE (Groundball, 4) (infield hit)
Ed Ballard to second
Pitching: RHP Hugh Rankin
Batting: RHB Francisco Domínguez 0-0: Called Strike
0-1: Foul Ball, location: 2F
0-2: Foul Ball, location: 2F
0-2: Strikes out swinging
Bottom of the 8th over - 1 run(s), 3 hit(s), 0 error(s), 2 left on base; Fort Collins 7 - Rancho Cucamonga 6
TOP OF THE 9TH
Fort Collins Commoners batting - Pitching for Rancho Cucamonga Sick Monkeys : RHP Gerald Dunham
Pitching: LHP Armando Alvarado
Now at 2B: Jorge Maldonado
Batting: LHB Lorenzo Vargas 0-0: Ball
1-0: Swinging Strike
1-1: Ball
2-1: Ball
3-1: Base on Balls
Batting: RHB Juan Castillo 0-0: Ball
1-0: Foul Ball, location: 2F
1-1: SINGLE (Line Drive, 78S)
Lorenzo Vargas to second
Batting: LHB Earl Wigfall 0-0: Ball
1-0: SINGLE (Line Drive, 89S)
Lorenzo Vargas to third
Juan Castillo to second
Batting: RHB Monty Crawford 0-0: Called Strike
0-1: Ball
1-1: Ball
2-1: SINGLE (Line Drive, 78M)
Lorenzo Vargas scores
Juan Castillo to third
Earl Wigfall to second
Batting: LHB António Chávez 0-0: Foul Ball, location: 2F
0-1: Foul Ball, location: 2F
0-2: DOUBLE (Line Drive, 78XD)
Juan Castillo scores
Earl Wigfall scores
Monty Crawford to third
Batting: RHB Xie-li Fong 0-0: Intentional Walk
Pitching: LHP Elmer Ramírez
Batting: RHB Gary Roberts 0-0: Ball
1-0: Swinging Strike
1-1: Ball
2-1: Foul Ball, location: 2F
2-2: Strikes out swinging
Batting: RHB Eric Black 0-0: Swinging Strike
0-1: Ball
1-1: Ball
2-1: Foul Ball, location: 2F
2-2: Strikes out swinging
Batting: SHB Javier Contreras 0-0: Ball
1-0: Called Strike
1-1: Called Strike
1-2: Ball
2-2: Ball
3-2: Strikes out swinging
Top of the 9th over - 3 run(s), 4 hit(s), 0 error(s), 3 left on base; Fort Collins 10 - Rancho Cucamonga 6
BOTTOM OF THE 9TH
Rancho Cucamonga Sick Monkeys batting - Pitching for Fort Collins Commoners : RHP Hugh Rankin
Pitching: LHP Josh Hammond
Batting: RHB Jeremy Davis 0-0: Swinging Strike
0-1: Foul Ball, location: 2F
0-2: Ball
1-2: Strikes out swinging
Batting: LHB Oliver Cruz 0-0: SINGLE (Groundball, 34D)
Batting: LHB Will O'Dell 0-0: Ball
1-0: SINGLE (Groundball, 34S) (infield hit)
Oliver Cruz to second
Batting: LHB Paco Córdova 0-0: Ball
1-0: Fielders Choice at 2nd, 6-4 (Groundball, 6)
Oliver Cruz to third
Batting: RHB Orlando González 0-0: Called Strike
0-1: SINGLE (Flyball, 89S)
Oliver Cruz scores
Paco Córdova to second
Pinch Hitting: RHB Roberto Quiñones 0-0: Called Strike
0-1: Fly out, F3 (Line Drive, 3)
Bottom of the 9th over - 1 run(s), 3 hit(s), 0 error(s), 2 left on base; Fort Collins 10 - Rancho Cucamonga 7
Thursday, March 30th, 2017 - OOTP Baseball 17.12 Build 75